 Dungeon Crawl Stone Soup version 0.26-a0-651-gb41185065b (webtiles) character file.

Game seed: 1197566788236631193

9998 Lanoc the Nimble (level 11, -4/95 HPs)
             Began as a Formicid Hunter on Oct 10, 2020.
             Was an Elder of Okawaru.
             Slain by a white ugly thing (19 damage)
             ... on level 11 of the Dungeon.
             The game lasted 00:16:41 (10392 turns).

Lanoc the Nimble (Formicid Hunter)                 Turns: 10392, Time: 00:16:42

Health: -4/95      AC:  6    Str: 16    XL:     11   Next: 84%
Magic:  0/26       EV: 19    Int: 16    God:    Okawaru [****..]
Gold:   604        SH:  0    Dex: 14    Spells: 10/10 levels left

rFire    . . .     SeeInvis +   b - +8 falchion of Indomitability {venom, Int+4}
rCold    . . .     Faith    .   (no shield)
rNeg     . . .     Spirit   +   c - +0 leather armour
rPois    .         Reflect  .   (helmet unavailable)
rElec    .         Harm     .   (no cloak)
rCorr    .         Rampage  .   i - +0 pair of gloves
MR       +....                  z - +1 pair of boots
Stlth    ++........             v - amulet of guardian spirit
HPRegen  0.25/turn              s - ring of magical power
MPRegen  0.20/turn              (no ring)

@: studying Dodging
A: permanent stasis, dig shafts and tunnels, four strong arms, antennae 3
a: Dig, Shaft Self, Heroism, Renounce Religion


You were on level 11 of the Dungeon.
You worshipped Okawaru.
Okawaru was greatly pleased with you.
You visited 2 branches of the dungeon, and saw 12 of its levels.

You collected 604 gold pieces.

Inventory:

Hand Weapons
 a - a +1 hand crossbow
 b - the +8 falchion of Indomitability (weapon) {venom, Int+4}
   (You found it on level 4 of the Dungeon)

   It poisons the flesh of those it strikes.
   It affects your intelligence (+4).
Missiles
 d - 120 bolts
 y - 6 curare-tipped darts (quivered)
 D - 3 datura-tipped darts
Armour
 c - a +0 leather armour (worn)
 i - a +0 pair of gloves (worn)
 z - a +1 pair of boots (worn)
Jewellery
 s - a ring of magical power (left hand)
 v - an amulet of guardian spirit (around neck)
Wands
 j - a wand of digging (11)
 l - a wand of enslavement (17)
 w - a wand of iceblast (14)
 M - a wand of random effects (34)
Scrolls
 m - a scroll of immolation {unknown}
 o - 2 scrolls of remove curse
 r - 2 scrolls of magic mapping
 x - 3 scrolls of enchant armour
 C - a scroll of amnesia
 E - a scroll of noise {unknown}
 F - a scroll of identify
 H - a scroll of fog {unknown}
 J - a scroll of vulnerability {unknown}
 L - a scroll of random uselessness {unknown}
Potions
 e - a potion of berserk rage {unknown}
 f - 3 potions of flight
 g - 4 potions of haste
 k - a potion of mutation {unknown}
 n - 2 potions of invisibility {unknown}
 p - 2 potions of ambrosia {unknown}
 q - 4 potions of might {unknown}
 t - 2 potions of curing
 A - 2 potions of brilliance
 I - 2 potions of degeneration {unknown}
Books
 B - a manual of Dodging
Miscellaneous
 h - a phantom mirror
 G - a tin of tremorstones (3/3)
 K - a condenser vane (2/2)


   Skills:
 + Level 11.8 Fighting
 - Level 6.7 Crossbows
 + Level 12.0 Dodging
 - Level 1.2 Stealth
 + Level 9.1 Invocations


You had 10 spell levels left.
You didn't know any spells.
Your spell library contained the following spells:

 Spells                   Type           Power        Failure   Level
 Magic Dart               Conj           #...         30%         1
 Call Imp                 Summ           #.......     43%         2
 Slow                     Hex            #.......     43%         2
 Confusing Touch          Hex            #.......     67%         3
 Conjure Flame            Conj/Fire      #.......     67%         3
 Gell's Gravitas          Tloc           #.........   67%         3
 Mephitic Cloud           Conj/Pois/Air  #.......     67%         3
 Petrify                  Tmut/Erth      #.......     97%         4
 Metabolic Englaciation   Hex/Ice        #.........   100%        5
 Yara's Violent Unravell  Hex/Tmut       #.........   100%        5
 Blink                    Tloc           Unusable     N/A         2

Dungeon Overview and Level Annotations

Branches:
Dungeon (11/15)            Temple (1/1) D:6            Lair (0/6) D:9
    Orc (0/2) D:9

Altars:
Ashenzari
Cheibriados
Dithmenos
Elyvilon
Fedhas
Gozag
Hepliaklqana
Kikubaaqudgha
Makhleb
Nemelex Xobeh
Okawaru
Qazlal
Ru
Sif Muna
Trog
Uskayaw
Vehumet
Wu Jian
Xom
Yredelemnul
Zin
The Shining One

Shops:
D:6 }   D:8 *


Innate Abilities, Weirdness & Mutations

You cannot be hasted, slowed, berserked, paralysed or teleported.
You can dig through walls and to a lower floor.
Your four strong arms can wield two-handed weapons with a shield.
You have a pair of large antennae on your head. (SInv)


Message History

You hit the white ugly thing but do no damage.
The white ugly thing looks as sick as possible!
The white ugly thing is heavily wounded.
The white ugly thing completely misses you.
The white ugly thing engulfs you! The white ugly thing freezes you!!
* * * LOW HITPOINT WARNING * * *
You closely miss the white ugly thing.
The white ugly thing is severely wounded.
The white ugly thing engulfs you.
* * * LOW HITPOINT WARNING * * *
The white ugly thing freezes you!!
* * * LOW HITPOINT WARNING * * *
The white ugly thing completely misses you.
You feel much better. The white ugly thing engulfs you.
The white ugly thing freezes you!!
* * * LOW HITPOINT WARNING * * *
You feel much better. The white ugly thing engulfs you!
* * * LOW HITPOINT WARNING * * *
The white ugly thing freezes you!!
You die...

### ### #.####.# ..#....#
#.#.##.#
#...##.##########################
................@uW..............
######.##########################
#......#........(.#
#........########.#
#..#...###############
#..#............####_###
##+#...###########.....#
.........#########♣...♣#
...))###.##.....##.....#


You could see a white ugly thing (very poisoned) and a shadow (invisible).

Vanquished Creatures
  Harold (D:9)
  2 two-headed ogres
  A death yak (D:9)
  An ugly thing (D:11)
  Psyche (D:9)
  2 trolls
  Grinder (D:4)
  2 hippogriffs
  7 yaks
  A wraith (D:7)
  5 ice beasts
  3 orc warriors
  An eye of draining (D:11)
  A necrophage (D:11)
  A phantom (D:8)
  6 centaurs
  5 ogres
  2 crocodiles (D:9)
  2 big kobolds
  6 bullfrogs
  2 wyvern zombies (D:9)
  11 wights
  A howler monkey (D:8)
  A bullfrog zombie (D:10)
  A quasit (D:7)
  2 hounds
  7 orc priests
  5 orc wizards
  A bullfrog skeleton (D:9)
  2 centaur skeletons
  5 jellies
  Ijyb (D:3)
  Jessica (D:2)
  3 iguanas
  9 worker ants
  A howler monkey zombie (D:6)
  A howler monkey skeleton (D:9)
  7 adders
  3 shadow imps
  3 ufetubi
  2 oozes
  3 adder zombies
  2 adder skeletons (D:5)
  3 worms
  5 leopard geckos
  36 orcs
  3 giant cockroaches
  9 goblins
  3 hobgoblins
  7 jackals (D:4)
  4 quokkas
  A ball python (D:4)
  7 bats
  3 frilled lizards
  22 kobolds
  A leopard gecko skeleton (D:7)
  A quokka skeleton (D:4)
  9 rats
239 creatures vanquished.

Vanquished Creatures (others)
  A dart slug (D:2)
  A leopard gecko (D:9)
  3 plants (D:8)
5 creatures vanquished.

Grand Total: 244 creatures vanquished

Notes
Turn   | Place    | Note
-------+----------+-------------------------------------------
     0 | D:1      | Lanoc the Formicid Hunter began the quest for the Orb.
     0 | D:1      | Reached XP level 1. HP: 16/16 MP: 1/1
    85 | D:1      | Reached XP level 2. HP: 23/23 MP: 2/2
    96 | D:2      | Reached skill level 2 in Dodging
   106 | D:2      | Reached XP level 3. HP: 23/28 MP: 3/3
   162 | D:2      | Reached XP level 4. HP: 34/34 MP: 4/4
   568 | D:2      | Reached skill level 5 in Crossbows
   788 | D:2      | Found a basalt altar of Yredelemnul.
   792 | D:2      | Noticed a profane servitor
   804 | D:2      | Found a glowing golden altar of the Shining One.
   882 | D:2      | Reached XP level 5. HP: 41/41 MP: 5/5
  1090 | D:2      | Noticed Jessica
  1101 | D:2      | Killed Jessica
  1408 | D:3      | Reached skill level 3 in Dodging
  1420 | D:3      | Noticed Ijyb
  1436 | D:3      | Killed Ijyb
  1436 | D:3      | Reached XP level 6. HP: 40/47 MP: 6/6
  1581 | D:3      | Found a sacrificial altar of Ru.
  1921 | D:3      | Found a broken altar of Ashenzari.
  2154 | D:4      | Noticed Grinder
  2163 | D:4      | Killed Grinder
  2163 | D:4      | Reached XP level 7. HP: 54/54 MP: 7/7
  2287 | D:4      | Got a fine falchion
  2293 | D:4      | Identified the +8 falchion of Indomitability {venom, Int+4}
                  | (You found it on level 4 of the Dungeon)
  2465 | D:4      | Found a bloodstained altar of Trog.
  2912 | D:5      | Entered Level 5 of the Dungeon
  2918 | D:5      | Got a steaming dagger
  2919 | D:5      | Identified the cursed +0 dagger of Light {flame, rN+ Int-5
                  | Dex+3} (You found it on level 5 of the Dungeon)
  2967 | D:5      | Reached skill level 4 in Dodging
  3000 | D:5      | Found a snail-covered altar of Cheibriados.
  3064 | D:5      | Noticed a yak
  3064 | D:5      | Noticed a yak
  3065 | D:5      | Noticed a yak
  3065 | D:5      | Noticed a yak
  3075 | D:5      | Killed a yak
  3075 | D:5      | Reached skill level 5 in Fighting
  3075 | D:5      | Reached XP level 8. HP: 34/63 MP: 8/8
  3081 | D:5      | Killed a yak
  3121 | D:5      | Killed a yak
  3121 | D:5      | Reached skill level 5 in Dodging
  3317 | D:5      | Killed a yak
  3866 | D:6      | Reached skill level 6 in Dodging
  3866 | D:6      | Reached XP level 9. HP: 47/72 MP: 9/9
  4017 | D:6      | Noticed a troll
  4237 | D:6      | Killed a troll
  4352 | D:6      | Reached skill level 7 in Dodging
  4449 | D:6      | Found an ornate altar of the Wu Jian Council.
  4480 | D:6      | Found Benan's Gadget Shop.
  4545 | D:6      | Found a stormy altar of Qazlal.
  4587 | D:6      | Found a staircase to the Ecumenical Temple.
  4595 | Temple   | Entered the Ecumenical Temple
  4706 | Temple   | Became a worshipper of Warmaster Okawaru
  5017 | D:7      | Reached skill level 1 in Invocations
  5173 | D:7      | Reached * piety under Okawaru
  5173 | D:7      | Reached skill level 8 in Dodging
  5316 | D:7      | Reached XP level 10. HP: 68/83 MP: 12/12
  5954 | D:8      | Found a blossoming altar of Fedhas.
  5954 | D:8      | Noticed a two-headed ogre
  5970 | D:7      | Killed a two-headed ogre
  5970 | D:7      | Reached skill level 9 in Dodging
  5970 | D:7      | Reached skill level 5 in Invocations
  6034 | D:8      | Reached ** piety under Okawaru
  6285 | D:8      | Reached skill level 10 in Fighting
  6381 | D:8      | Found Zin's Purification Station.
  6384 | D:8      | Found a glowing silver altar of Zin.
  6907 | D:9      | Found a burning altar of Makhleb.
  7000 | D:9      | Noticed Psyche
  7012 | D:9      | Killed Psyche
  7012 | D:9      | Reached skill level 10 in Dodging
  7287 | D:9      | Noticed a death yak
  7288 | D:9      | Found a staircase to the Lair.
  7325 | D:9      | Killed a death yak
  7325 | D:9      | Reached *** piety under Okawaru
  7325 | D:9      | Reached XP level 11. HP: 18/92 MP: 6/16
  7689 | D:9      | Found a white marble altar of Elyvilon.
  7697 | D:9      | Noticed Harold
  7702 | D:9      | Noticed a two-headed ogre
  7721 | D:9      | Killed a two-headed ogre
  7727 | D:9      | Killed Harold
  7727 | D:9      | Reached **** piety under Okawaru
  7727 | D:9      | Reached skill level 11 in Dodging
  7745 | D:9      | Received a gift from Okawaru
  7967 | D:9      | Found a staircase to the Orcish Mines.
  8487 | D:10     | Entered Level 10 of the Dungeon
  9616 | D:11     | Noticed a green ugly thing
  9629 | D:11     | Killed a green ugly thing
 10124 | D:11     | Found a glowing golden altar of the Shining One.
 10324 | D:11     | Reached skill level 12 in Dodging
 10351 | D:11     | Noticed a white ugly thing
 10392 | D:11     | Slain by a white ugly thing

Illustrated notes

Levels and vault maps discovered:
D:1:      nzn_arrival_crosshair, layout_basic, serial_glass, glass_columns_b,
          glass_columns_b, glass_columns_a, glass_columns_a, glass_columns_a,
          glass_columns_b, glass_columns_a, glass_columns_b
D:2:      layout_loops_ring, grunt_temple_overflow_holy_war, uniq_jessica
D:3:      layout_basic, overflow_temple_1_default, overflow_temple_1_default,
          uniq_ijyb
D:4:      layout_loops_ring, lightli_temple_of_fire, uniq_grinder
D:5:      layout_rooms, kennysheep_mini
D:6:      layout_gridville, nicolae_qazlal_style_of_elements,
          old_standard_altar, minmay_temple_entry_statues_pillars, serial_shops,
          nicolae_shop_crystal, minmay_manual_mess
D:7:      layout_basic
D:8:      layout_rooms, fedhas_altar_1, zin_purify
D:9:      layout_roguey, elyvilon_altar_4, lemuel_crystal_altar,
          david_lair_generic, uniq_psyche, uniq_harold
D:10:     layout_basic
D:11:     layout_basic, tso_altar
Temple:   compressed_dpeg_circular_temple

Skill      XL: |  1  2  3  4  5  6  7  8  9 10 11 |
---------------+----------------------------------+-----
Dodging        | 2 3 4 6 8 10 12 | 12.0
Fighting       | 3 4 5 7 9 10 11 | 11.8
Crossbows      | 5 6 |  6.7
Invocations    | 3 6 9 |  9.1
Stealth        | |  1.2

Action                   |  1- 3 |  4- 6 |  7- 9 | 10-12 || total
-------------------------+-------+-------+-------+-------++-------
Melee: Short sword       |       |    17 |       |       ||    17
       Falchion          |       |       |   168 |   313 ||   481
 Fire: Hand crossbow     |    26 |   143 |     4 |       ||   173
Throw: Dart              |       |       |     1 |     4 ||     5
  Use: Scroll            |       |       |     9 |     2 ||    11
       Potion            |       |       |       |     4 ||     4
 Stab: Sleeping          |       |       |     3 |     1 ||     4
Armor: Leather armour    |       |    17 |    52 |    52 ||   121
Dodge: Dodged            |     1 |    79 |   162 |   347 ||   589
       Rpst.: Falchion   |       |       |    52 |    92 ||   144

Table legend: (Time is in decaauts)
 A = Elapsed time spent in this place.
 B = Non-inter-level travel time spent in this place.
 C = Inter-level travel time spent in this place.
 D = Time resting spent in this place.
 E = Time spent auto-exploring this place.
 F = Levels seen in this place.
 G = Mean time per level.
                   A        B        C        D        E       F      G
               +--------+--------+--------+--------+--------+-----+--------+
         Total |  10575 |  10258 |    317 |    378 |   8099 |  12 |  881.2 |
       Dungeon |  10472 |  10180 |    292 |    378 |   8040 |  11 |  952.0 |
        Temple |    103 |     78 |     25 |      0 |     59 |   1 |  103.0 |
               +--------+--------+--------+--------+--------+-----+--------+

Top non-repeatable levels by time:
     D:9: 1798 daAuts
     D:2: 1286 daAuts
     D:7: 1263 daAuts
     D:6: 1162 daAuts
    D:10: 974 daAuts
    D:11: 961 daAuts
     D:5: 842 daAuts
     D:3: 790 daAuts
     D:4: 784 daAuts
     D:8: 510 daAuts
  Temple: 103 daAuts
     D:1: 96 daAuts
